 Dungeon Crawl Stone Soup version 0.17.2-1-ge4368a0 (webtiles) character file.

82 Goblin1989 the Cudgeler (level 4, -2/28 HPs)
             Began as a Gargoyle Berserker on Oct 12, 2016.
             Was a Believer of Trog.
             Slain by an orc priest
             ... wielding a +0 mace
              (5 damage)
             ... on level 3 of the Dungeon.
             The game lasted 00:06:59 (2058 turns).

Goblin1989 the Cudgeler (Gargoyle Berserker)        Turns: 2058, Time: 00:06:59

Health: -2/28      AC:  5    Str: 21    XL:     4   Next: 43%
Magic:  4/4        EV: 12    Int:  7    God:    Trog [**....]
Gold:   117        SH:  0    Dex: 10    Spells: 0 memorised, 3 levels left

rFire  . . .     SeeInvis .     a - +0 mace
rCold  . . .     Clarity  .     b - +0 animal skin
rNeg   + . .     SustAt   .     (no shield)
rPois  ∞         Gourm    .     (no helmet)
rElec  +         Spirit   .     (no cloak)
rCorr  .         Warding  .     (no gloves)
rMut   .         Stasis   .     (no boots)
MR     ++...                    (no amulet)
Stlth  +.........               (no ring)
                                (no ring)

@: regenerating, very resistant to hostile enchantments, very unstealthy
A: negative energy resistance 1, electricity resistance, unbreathing,
petrification resistance, rot immunity, AC +3
a: Berserk, Trog's Hand, Burn Spellbooks, Renounce Religion


You were on level 3 of the Dungeon.
You worshipped Trog.
Trog was pleased with you.
You were not hungry.

You visited 1 branch of the dungeon, and saw 3 of its levels.

You collected 117 gold pieces.

Inventory:

Hand Weapons
 a - a +0 mace (weapon)
Armour
 b - a +0 animal skin (worn)
Jewellery
 e - an uncursed ring of fire {unknown}
Scrolls
 h - a scroll of magic mapping {unknown}
 i - a scroll of amnesia {unknown}
 R - 2 scrolls of identify {@r1}
Potions
 d - 2 potions of haste {@q3}
 f - a potion of lignification {!q}
 j - a potion of heal wounds {unknown}
 l - a potion of poison {unknown}
Comestibles
 c - a bread ration {@e1}
 g - a meat ration {@e2}
 k - a chunk of flesh {@w0}


   Skills:
 - Level 3.2 Fighting
 + Level 5.1 Maces & Flails
 - Level 2.1 Armour
 - Level 1.5 Dodging


You had 3 spell levels left.
You didn't know any spells.

Dungeon Overview and Level Annotations

Branches:
Dungeon (3/15)

Altars:


Innate Abilities, Weirdness & Mutations

You are resistant to torment.
Your stone body is resilient (AC +3).
You are immune to poison.
You resist negative energy.
You are resistant to electric shocks.
You can survive without breathing.
You are immune to petrification.
You are immune to rotting.


Message History

You take 4 damage, and have 21/28 hp.
Unknown command.
You closely miss the orc priest.
The orc wizard hits you but does no damage.
The orc closely misses you. The orc priest hits you with a mace!
You take 9 damage, and have 12/28 hp.
MASSIVE DAMAGE!!
You hit the orc priest but do no damage.
The orc wizard hits you but does no damage.
The orc hits you but does no damage.
The orc wizard hits you with an enchanted dagger.
The orc priest mumbles some strange prayers to Beogh against you.
Something smites you!
* * * LOW HITPOINT WARNING * * *
You take 11 damage, and have 1/28 hp.
MASSIVE DAMAGE!!
Your skin crawls.
You feel resistant to hostile enchantments.
You feel slightly more hungry.
The orc wizard hits you but does no damage.
The orc misses you. The orc priest hits you with a mace.
You die...

ਜ....... .. ..ਜ...ਜ.
.........ਜ...
.........ਜ...
ਜਜ.......ਜ...ਜ.
ਜਜ......ਜ....... .ਜਜਜਜ
ਜਜ.....ਜ.........
[.....ਜਜ............ਜ...
ਜo†@................
ਜਜoo........ਜਜ......
ਜ..ਜਜ....ਜ..ਜਜ......
....ਜਜਜਜ..ਜਜ..........
............ਜਜ.........
..ਜਜਜਜਜਜਜਜਜਜ.ਜਜ.........
. ਜ......ਜ.....
ਜਜਜਜ...ਜਜਜਜਜਜ ਜ...ਜ


You could see an orc priest, an orc wizard and an orc.

Vanquished Creatures
  4 adders (D:2)
  A worm (D:2)
  3 giant geckos
  An orc (D:3)
  11 bats
  A giant cockroach (D:1)
  2 goblins
  5 hobgoblins
  8 kobolds
  5 rats (D:1)
41 creatures vanquished.

Notes
Turn   | Place    | Note
--------------------------------------------------------------
     0 | D:1      | Goblin1989 the Gargoyle Berserker began the quest for the Orb.
     0 | D:1      | Reached XP level 1. HP: 14/14 MP: 1/1
   381 | D:1      | Reached XP level 2. HP: 17/19 MP: 2/2
   547 | D:1      | Reached skill level 4 in Maces & Flails
   686 | D:1      | Reached XP level 3. HP: 14/23 MP: 3/3
  1277 | D:2      | Reached ** piety under Trog
  1522 | D:2      | Reached XP level 4. HP: 18/28 MP: 4/4
  1875 | D:2      | Reached skill level 5 in Maces & Flails
  2057 | D:3      | HP: 1/28 [orc priest/divine providence (10)]
  2058 | D:3      | Slain by an orc priest

Action                   |  1- 3 |  4- 6 || total
-------------------------+-------+-------++-------
Melee: Mace              |   110 |    24 ||   134
Invok: Trog's Hand       |       |     1 ||     1
  Use: Scroll            |     4 |       ||     4
 Stab: Distracted        |     1 |       ||     1
       Sleeping          |     1 |       ||     1
  Eat: Chunk             |     2 |     2 ||     4

Vault maps used:
D:1:      dpeg_arrival_ternary, minivault_23
D:3:      ecumenical_altar_2, minmay_misc_feat_more_columns
